 Dungeon Crawl Stone Soup version 0.31-a0-204-g7da18cac08 (webtiles) character file.

Game seed: 4480633597260262799

387 qw the Skirmisher (level 6, -5/35 HPs)
             Began as a Deep Elf Hunter on June 27, 2023.
             Killed from afar by an orc wizard (10 damage)
             ... with a magic dart
             ... on level 5 of the Dungeon.
             The game lasted 00:01:31 (3537 turns).

qw the Skirmisher (Deep Elf Hunter)                 Turns: 3537, Time: 00:01:31

Health: -5/35      AC:  6    Str: 10    XL:     6   Next: 49%
Magic:  8/8        EV: 11    Int: 14    God:
Gold:   205        SH:  0    Dex: 18    Spells: 5/5 levels left

rFire   + . .        Y - +0 shortbow
rCold   + . .        (shield currently unavailable)
rNeg    . . .        f - +0 ring mail
rPois   .            h - +0 helmet
rElec   .            l - scarf {rC+ rF+}
rCorr   .            (no gloves)
SInv    .            (no boots)
Will    .....        n - amulet of regeneration Stlth
                     g - +4 ring of slaying {mikee}
HPRegen 1.05/turn    (no ring)
MPRegen 0.11/turn

%: no passive effects
@: confused
A: no striking features
a: no special abilities


You were on level 5 of the Dungeon.
You visited 1 branch of the dungeon, and saw 5 of its levels.

You collected 205 gold pieces.


   Skills:
 - Level 2.2 Fighting
 - Level 10.0 Ranged Weapons
 + Level 2.4 Dodging
 - Level 1.2 Stealth


You had 5 spell levels left.
You didn't know any spells.
Your spell library was empty.

Inventory:

Hand Weapons
 Y - a +0 shortbow (weapon)
Armour
 f - a +0 ring mail (worn)
 h - a +0 helmet (worn)
 l - a scarf of resistance (worn)
Jewellery
 b - a ring of fire
 g - a +4 ring of slaying (left hand) {mikee}
 k - a ring of positive energy
 n - an amulet of regeneration (around neck)
Scrolls
 a - 2 scrolls of teleportation
 i - 2 scrolls of identify
Potions
 c - 2 potions of enlightenment
 d - a potion of might
 j - a potion of heal wounds {unknown}

Dungeon Overview and Level Annotations

Branches:
Dungeon (5/15)
 Temple: D:4-7

Altars:
Fedhas
Gozag
Sif Muna
Xom
The Shining One

Annotations:
D:4 Edmund


Message History

You are confused.
The orc wizard gestures at you while chanting.
The puff of flame hits you. You resist. The orc wizard barely misses you.
The orc wizard points at you and mumbles some strange words.
The puff of flame misses you.
The orc wizard gestures at you while chanting.
The puff of flame hits you. You resist.
The orc wizard hits you but does no damage.
The orc wizard casts a spell at you. You resist with some effort.
The orc wizard mumbles some strange words.
The orc wizard flickers and vanishes!
Deactivating autopickup; reactivate with Ctrl-A.
You feel less confused. Something hits you.
You shoot an arrow. The arrow hits the orc wizard.
The orc wizard is lightly wounded.
Something hits you but does no damage.
You shoot an arrow. The arrow hits the orc wizard.
The orc wizard is moderately wounded.
You hear some strange, mumbled words.
You are confused.
Something hits you. The orc wizard casts a spell at you.
The magic dart hits you! Something hits you but does no damage.
The orc wizard hits you with a +0 dagger.
The orc wizard hits you with a +0 dagger.
You hear some strange, mumbled words.
A magic dart appears from out of thin air!
The magic dart hits you.
The orc wizard hits you but does no damage.
Something hits you but does no damage.
You hear some strange, mumbled words.
A magic dart appears from out of thin air!
The magic dart hits you but does no damage.
The orc wizard casts a spell at you. The magic dart hits you!
You die...

#... #.## #.# ######.#
.# #...)..# ...###
#......# #....#######
#......#
.####.......####......#
......{@###..)...####.#.
.......o# #.####........
......."# #....######...
.....)..# #........ #...
........# ######... #.#.
........# ## # ........#
##....###


You could see an orc wizard.

Vanquished Creatures
  An ogre (D:4)
  An orc priest (D:5)
  2 hounds (D:5)
  2 orc wizards (D:4)
  4 gnolls
  2 adders
  An ufetubus (D:3)
  2 worms (D:2)
  3 dart slugs
  9 orcs
  3 bats (D:1)
  5 endoplasms
  3 giant cockroaches
  8 goblins
  9 hobgoblins
  4 jackals
  8 quokkas
  2 ball pythons
  A frilled lizard (D:1)
  13 kobolds
  7 rats
90 creatures vanquished.

Vanquished Creatures (others)
  An orc wizard (D:5)
1 creature vanquished.

Grand Total: 91 creatures vanquished

Notes
Turn   | Place    | Note
-------+----------+-------------------------------------------
     0 | D:1      | qw the Deep Elf Hunter began the quest for the Orb.
     0 | D:1      | Reached XP level 1. HP: 12/12 MP: 3/3
     0 | D:1      | 0 ||| qw: Version: 0.3-a-22-g0ed2b0b
     0 | D:1      | 0 ||| qw: Game counter: 6619
     0 | D:1      | 0 ||| qw: Melee chars always use a shield: true
     0 | D:1      | 0 ||| qw: God list: Okawaru
     0 | D:1      | 0 ||| qw: Allow faded altars: false
     0 | D:1      | 0 ||| qw: Do Orc after clearing Dungeon:15 true
     0 | D:1      | 0 ||| qw: Do second Lair branch before Depths: true
     0 | D:1      | 0 ||| qw: Lair rune preference: random
     0 | D:1      | 0 ||| qw: Goals: Normal
     0 | D:1      | 0 ||| PLANNING D:1-11
   126 | D:1      | Reached XP level 2. HP: 15/16 MP: 4/4
   130 | D:1      | Reached skill level 6 in Ranged Weapons
   220 | D:1      | 220 ||| FLEEEEING.
   226 | D:1      | 226 ||| FLEEEEING.
   358 | D:1      | 358 ||| FLEEEEING.
   359 | D:1      | 359 ||| FLEEEEING.
   396 | D:1      | Found a faded altar of an unknown god.
   437 | D:1      | Reached XP level 3. HP: 20/20 MP: 5/5
   772 | D:1      | 772 ||| UPGRADING to +0 ring mail.
   782 | D:1      | 782 ||| DROPPING +0 leather armour.
   783 | D:1      | 783 ||| READING 3 scrolls labelled TENULI LE EKK.
   788 | D:1      | 788 ||| READING 2 scrolls labelled QARCHI YLOCAWN.
   789 | D:1      | 789 ||| READING 2 scrolls labelled PYOBER OMEDE.
   790 | D:1      | 790 ||| READING 3 scrolls labelled YTOPTA QISTRUXT.
   791 | D:1      | 791 ||| READING scroll labelled GUOCUI RIFFIOL.
   792 | D:1      | 792 ||| READING scroll labelled DYBUIKK FIOKH.
   893 | D:1      | 893 ||| DRINKING 2 black potions.
   894 | D:1      | 894 ||| DROPPING scroll of butterflies.
   895 | D:1      | 895 ||| DROPPING scroll of blinking.
   896 | D:1      | 896 ||| DROPPING scroll of amnesia.
  1002 | D:2      | Reached skill level 7 in Ranged Weapons
  1096 | D:2      | Found an opulent altar of Gozag.
  1574 | D:2      | Reached XP level 4. HP: 25/25 MP: 6/6
  1639 | D:2      | 1639 ||| UPGRADING to +0 helmet.
  1644 | D:2      | 1644 ||| UPGRADING to +4 ring of slaying {mikee}.
  1645 | D:2      | 1645 ||| READING scroll labelled GANEKKAZ LERU.
  1646 | D:2      | 1646 ||| READING 3 scrolls of identify.
  1646 | D:2      | 1646 ||| IDENTIFYING amethyst potion
  1694 | D:3      | 1694 ||| STAIRDANCE
  1823 | D:3      | 1823 ||| Stepping ~*~*~tactically~*~*~ (outnumbered).
  1825 | D:3      | HP: 5/25 [gnoll/+0 spear (6)]
  1826 | D:3      | 1826 ||| READING 2 scrolls of teleportation.
  1826 | D:3      | HP: 2/25 [gnoll/+0 spear (3)]
  1828 | D:3      | Reached skill level 8 in Ranged Weapons
  2411 | D:3      | 2411 ||| UPGRADING to scarf of resistance.
  2416 | D:3      | 2416 ||| DROPPING ring of flight.
  2417 | D:3      | 2417 ||| READING scroll labelled XOS SU NIZIR.
  2418 | D:3      | 2418 ||| READING scroll labelled XEG YGIVAO.
  2461 | D:3      | 2461 ||| DRINKING 3 sapphire potions.
  2637 | D:4      | Found a shimmering altar of Xom.
  2637 | D:4      | Found a glowing golden altar of the Shining One.
  2702 | D:4      | Reached XP level 5. HP: 29/29 MP: 7/7
  2872 | D:4      | Noticed Edmund
  2882 | D:4      | HP: 7/29 [Edmund/+1 dire flail of protection (6)]
  2883 | D:4      | 2883 ||| READING 3 scrolls of teleportation.
  2884 | D:4      | Noticed an ogre
  2884 | D:4      | HP: 3/29 [Edmund/+1 dire flail of protection (5)]
  3044 | D:4      | Found a blossoming altar of Fedhas.
  3062 | D:4      | Killed an ogre
  3063 | D:4      | Reached skill level 9 in Ranged Weapons
  3144 | D:4      | Found a shimmering blue altar of Sif Muna.
  3148 | D:4      | 3148 ||| DRINKING 2 potions of curing.
  3148 | D:4      | 3148 ||| (to cure confusion)
  3150 | D:4      | Reached XP level 6. HP: 35/35 MP: 8/8
  3218 | D:4      | 3218 ||| UPGRADING to amulet of regeneration.
  3223 | D:4      | 3223 ||| DROPPING ring of wizardry.
  3224 | D:4      | 3224 ||| DRINKING 2 puce potions.
  3225 | D:4      | 3225 ||| READING 3 scrolls of identify.
  3225 | D:4      | 3225 ||| IDENTIFYING fizzy inky potion
  3226 | D:4      | 3226 ||| DROPPING potion of invisibility.
  3227 | D:4      | 3227 ||| DROPPING potion of lignification.
  3274 | D:5      | Entered Level 5 of the Dungeon
  3504 | D:5      | 3504 ||| Stepping ~*~*~tactically~*~*~ (outnumbered).
  3508 | D:5      | Reached skill level 10 in Ranged Weapons
  3519 | D:5      | 3519 ||| DRINKING potion of curing.
  3519 | D:5      | 3519 ||| (to cure confusion)
  3535 | D:5      | HP: 7/35 [orc wizard/+0 dagger (3)]
  3535 | D:5      | HP: 3/35 [something/magic dart (4)]
  3537 | D:5      | Killed from afar by an orc wizard

Levels and vault maps discovered:
D:1:      giann_horns, layout_loops_cross, ebering_ecumenical_altar_mist
D:2:      layout_basic, basic_altar, grunt_ministairs_12
D:3:      layout_loops_ring
D:4:      nicolae_BIG_FREAKIN_CUBE, layout_rooms, mainiacjoe_overflow_catwalk,
          kennysheep_orc_sif_temple, nicolae_overflow_two_pavilions, uniq_edmund
D:5:      minmay_angry_zag, layout_basic, serial_shops, shop,
          hangedman_minor_gate_pass

Skill      XL: |  1  2  3  4  5  6 |
---------------+-------------------+-----
Ranged Weapons | 6 7 8 9 10 | 10.0
Fighting       | 2 |  2.2
Dodging        | |  2.4
Stealth        | |  1.2

Action                     |  1- 3 |  4- 6 || total
---------------------------+-------+-------++-------
   Fire: Shortbow          |   158 |   145 ||   303
    Use: Scroll            |     6 |     7 ||    13
         Potion            |     1 |     4 ||     5
 Armour: Leather armour    |    13 |       ||    13
         Ring mail         |    14 |    19 ||    33
  Dodge: Dodged            |    47 |    32 ||    79

Table legend:
 A = Non-vault XP
 B = Vault XP
 C = Vault XP percentage of total XP
 D = Non-vault monster count
 E = Vault monster count
 F = Vault count percentage of total count
                 A         B        C        D         E       F
            +---------+---------+-------+---------+---------+-------
      Total |     426 |     128 |  23.1 |      83 |       7 |   7.8
            +---------+---------+-------+---------+---------+-------
        D:1 |      56 |       0 |   0.0 |      32 |       0 |   0.0
        D:2 |      42 |       2 |   4.5 |      15 |       2 |  11.8
        D:3 |      76 |       0 |   0.0 |      16 |       0 |   0.0
        D:4 |     163 |      69 |  29.7 |      15 |       3 |  16.7
        D:5 |      89 |      57 |  39.0 |       5 |       2 |  28.6
            +---------+---------+-------+---------+---------+-------
